[ PARTIDA AOE2 · #505431266 ]
UnrankedChinos vs Khmer
Equipo del jugador · DERR
Equipo rival · VICT
[ ANÁLISIS DE REPETICIÓN · EXTRAÍDO DE LA PARTIDA GRABADA ]
Feudal
15:15
Castillos
21:50
Imperial
—
| APM promedio | 45.8 |
| APM pico | 158 |
| eAPM promedio | 22.4 |
| Aldeanos / militares | 86 / 75 |
Foco
⚔️ 36.7% · 🌾 63.3%
Chu Ko Nu ×43 · Petard ×8 · Spearman ×8 · Fire Lancer ×7 · Battering Ram ×6 · Iron Pagoda ×3
Feudal
9:05
Castillos
20:29
Imperial
42:16
| APM promedio | 45.1 |
| APM pico | 138 |
| eAPM promedio | 17.7 |
| Aldeanos / militares | 115 / 65 |
Foco
⚔️ 27.5% · 🌾 72.5%
Knight ×29 · Scorpion ×12 · Monk ×7 · Scout Cavalry ×6 · Mangonel ×3 · Ballista Elephant ×3
Mapa de la partida
Recursos iniciales + cada clic de construcción. Líneas = muros · curvas = relieve. ◆ oro · ⬟ piedra · ● bayas · ✦ reliquia · ◌ hueco del cierre
Tu base· Abierta — flanco sin cerrar
Base de Trif· Abierta — flanco sin cerrar
Terreno inicial suavizado · ◌ = hueco del cierre detectado · pasá el cursor para detalles
Inputs por minuto
— twitch: aoe2_billybadbeat - - Trif
Build order — twitch: aoe2_billybadbeat
Primeras 150 de 295 acciones detectadas
| 0:02 | Construir | House |
| 0:04 | Construir | House |
| 0:06 | Investigar | Loom |
| 1:07 | Encolar | Villager (Male) |
| 1:24 | Construir | Lumber Camp |
| 1:31 | Encolar | Villager (Male) |
| 2:14 | Encolar | Villager (Male) |
| 2:48 | Encolar | Villager (Male) |
| 2:48 | Encolar | Villager (Male) |
| 3:03 | Encolar | Villager (Male) |
| 3:33 | Encolar | Villager (Male) |
| 4:03 | Construir | House |
| 4:07 | Encolar | Villager (Male) |
| 4:08 | Encolar | Villager (Male) |
| 4:39 | Construir | Palisade Wall |
| 4:41 | Construir | Palisade Wall |
| 5:19 | Encolar | Villager (Male) |
| 5:19 | Encolar | Villager (Male) |
| 5:20 | Encolar | Villager (Male) |
| 5:20 | Encolar | Villager (Male) |
| 5:32 | Construir | Palisade Wall |
| 5:34 | Construir | Palisade Wall |
| 5:51 | Encolar | Villager (Male) |
| 6:52 | Encolar | Villager (Male) |
| 6:52 | Encolar | Villager (Male) |
| 6:55 | Construir | Mill |
| 7:38 | Encolar | Villager (Male) |
| 7:40 | Construir | House |
| 8:07 | Encolar | Villager (Male) |
| 8:32 | Construir | Palisade Wall |
| 8:45 | Encolar | Villager (Male) |
| 8:46 | Encolar | Villager (Male) |
| 8:46 | Encolar | Villager (Male) |
| 9:07 | Encolar | Villager (Male) |
| 9:17 | Encolar | Villager (Male) |
| 9:23 | Construir | Palisade Wall |
| 9:44 | Construir | Palisade Wall |
| 9:50 | Construir | House |
| 9:52 | Construir | Palisade Wall |
| 10:27 | Construir | Palisade Wall |
| 10:35 | Construir | Palisade Wall |
| 10:39 | Encolar | Villager (Male) |
| 10:50 | Construir | Palisade Gate |
| 11:06 | Encolar | Villager (Male) |
| 11:15 | Construir | Palisade Gate |
| 11:31 | Construir | Mining Camp |
| 11:41 | Construir | House |
| 11:44 | Construir | Palisade Wall |
| 11:47 | Construir | Palisade Wall |
| 11:48 | Construir | Palisade Wall |
| 11:56 | Construir | Farm |
| 11:58 | Construir | Farm |
| 12:06 | Construir | House |
| 12:24 | Construir | Farm |
| 12:35 | Construir | Farm |
| 12:47 | Construir | Farm |
| 12:51 | Construir | House |
| 13:05 | Investigar | Feudal Age |
| 13:12 | Construir | Farm |
| 13:23 | Construir | Palisade Wall |
| 13:26 | Construir | Palisade Wall |
| 13:30 | Construir | Palisade Wall |
| 13:48 | Construir | House |
| 13:49 | Construir | House |
| 14:09 | Construir | Palisade Gate |
| 14:17 | Construir | House |
| 14:37 | Construir | Farm |
| 14:38 | Construir | Farm |
| 14:40 | Construir | Barracks |
| 15:01 | Encolar | Villager (Male) |
| 15:15 | Edad | Edad Feudal |
| 15:21 | Encolar | Villager (Male) |
| 15:23 | Construir | Farm |
| 15:36 | Encolar | Spearman |
| 15:37 | Encolar | Spearman |
| 15:39 | Encolar | Villager (Male) |
| 15:47 | Construir | Farm |
| 15:50 | Encolar | Villager (Male) |
| 16:09 | Construir | House |
| 16:29 | Encolar | Villager (Male) |
| 16:31 | Construir | Farm |
| 16:33 | Construir | Farm |
| 16:34 | Construir | Farm |
| 17:04 | Construir | House |
| 17:11 | Construir | House |
| 17:14 | Construir | Palisade Wall |
| 17:18 | Construir | Palisade Wall |
| 17:32 | Construir | House |
| 17:36 | Encolar | Villager (Male) |
| 17:39 | Construir | Blacksmith |
| 17:41 | Construir | Farm |
| 17:56 | Encolar | Villager (Male) |
| 18:05 | Construir | Market |
| 18:09 | Construir | Market |
| 18:24 | Investigar | Town Watch |
| 18:34 | Construir | Mining Camp |
| 18:49 | Construir | Palisade Wall |
| 19:10 | Investigar | Castle Age |
| 19:20 | Construir | Palisade Wall |
| 19:37 | Construir | House |
| 19:39 | Construir | House |
| 19:55 | Encolar | Spearman |
| 20:01 | Construir | Lumber Camp |
| 20:09 | Investigar | Double-Bit Axe |
| 20:37 | Encolar | Spearman |
| 20:46 | Encolar | Villager (Male) |
| 20:50 | Encolar | Spearman |
| 20:59 | Investigar | Forging |
| 21:14 | Encolar | Spearman |
| 21:26 | Construir | Palisade Wall |
| 21:30 | Encolar | Spearman |
| 21:32 | Investigar | Scale Mail Armor |
| 21:37 | Encolar | Villager (Male) |
| 21:44 | Construir | House |
| 21:49 | Construir | Stone Wall |
| 21:50 | Edad | Edad de los Castillos |
| 21:56 | Encolar | Fire Lancer |
| 22:07 | Construir | Stone Wall |
| 22:10 | Construir | Stone Wall |
| 22:20 | Investigar | Pikeman (upgrade) |
| 22:21 | Encolar | Fire Lancer |
| 22:25 | Construir | Farm |
| 22:28 | Encolar | Villager (Male) |
| 22:40 | Construir | Stone Wall |
| 22:42 | Construir | Stone Wall |
| 22:42 | Construir | Stone Wall |
| 22:48 | Construir | Watch Tower |
| 23:02 | Encolar | Fire Lancer |
| 23:03 | Encolar | Villager (Male) |
| 23:07 | Construir | Stone Wall |
| 23:11 | Construir | House |
| 23:31 | Construir | Stone Wall |
| 23:41 | Construir | Stone Wall |
| 23:46 | Construir | Stone Wall |
| 23:56 | Encolar | Fire Lancer |
| 23:57 | Encolar | Villager (Male) |
| 24:01 | Construir | Stone Wall |
| 24:21 | Encolar | Villager (Male) |
| 24:35 | Construir | Castle |
| 24:48 | Construir | Siege Workshop |
| 25:19 | Construir | Gate |
| 25:23 | Encolar | Iron Pagoda |
| 25:46 | Construir | Mining Camp |
| 26:16 | Construir | House |
| 26:22 | Construir | House |
| 26:29 | Construir | House |
| 26:40 | Encolar | Fire Lancer |
| 26:40 | Encolar | Fire Lancer |
| 26:55 | Encolar | Villager (Male) |
| 27:01 | Construir | Stone Wall |
Build order — Trif
Primeras 150 de 320 acciones detectadas
| 0:01 | Encolar | Villager (Male) |
| 0:01 | Encolar | Villager (Male) |
| 0:01 | Encolar | Villager (Male) |
| 0:02 | Construir | House |
| 0:04 | Construir | House |
| 0:35 | Encolar | Villager (Male) |
| 1:25 | Encolar | Villager (Male) |
| 2:14 | Encolar | Villager (Male) |
| 2:14 | Encolar | Villager (Male) |
| 2:21 | Construir | Lumber Camp |
| 3:06 | Encolar | Villager (Male) |
| 3:06 | Encolar | Villager (Male) |
| 3:10 | Encolar | Villager (Male) |
| 3:10 | Encolar | Villager (Male) |
| 3:49 | Encolar | Villager (Male) |
| 4:35 | Encolar | Villager (Male) |
| 4:36 | Encolar | Villager (Male) |
| 5:08 | Encolar | Villager (Male) |
| 5:11 | Investigar | Loom |
| 5:37 | Encolar | Villager (Male) |
| 6:14 | Construir | Palisade Wall |
| 6:32 | Construir | Palisade Wall |
| 6:35 | Construir | Palisade Wall |
| 6:55 | Investigar | Feudal Age |
| 8:24 | Encolar | Villager (Male) |
| 9:04 | Construir | Mill |
| 9:05 | Edad | Edad Feudal |
| 9:09 | Construir | Stable |
| 9:33 | Encolar | Villager (Male) |
| 9:33 | Encolar | Villager (Male) |
| 9:52 | Construir | Lumber Camp |
| 9:54 | Encolar | Scout Cavalry |
| 9:54 | Encolar | Scout Cavalry |
| 10:04 | Construir | House |
| 10:33 | Construir | Farm |
| 10:56 | Encolar | Villager (Male) |
| 10:57 | Encolar | Scout Cavalry |
| 11:00 | Encolar | Villager (Male) |
| 11:13 | Construir | Farm |
| 11:20 | Construir | House |
| 11:54 | Encolar | Scout Cavalry |
| 12:23 | Encolar | Villager (Male) |
| 12:23 | Encolar | Villager (Male) |
| 12:30 | Construir | Mining Camp |
| 12:35 | Investigar | Double-Bit Axe |
| 12:38 | Construir | Farm |
| 13:09 | Construir | Farm |
| 13:11 | Investigar | Horse Collar |
| 13:11 | Investigar | Horse Collar |
| 13:19 | Encolar | Villager (Male) |
| 13:19 | Encolar | Villager (Male) |
| 13:23 | Construir | Farm |
| 13:47 | Encolar | Villager (Male) |
| 14:11 | Construir | Market |
| 14:16 | Construir | House |
| 14:21 | Construir | House |
| 14:31 | Encolar | Villager (Male) |
| 14:36 | Construir | Farm |
| 15:09 | Encolar | Villager (Male) |
| 15:10 | Encolar | Villager (Male) |
| 15:13 | Construir | Farm |
| 15:39 | Encolar | Villager (Male) |
| 15:42 | Construir | Farm |
| 15:45 | Construir | Farm |
| 16:04 | Encolar | Villager (Male) |
| 16:14 | Construir | House |
| 16:15 | Construir | House |
| 16:38 | Encolar | Villager (Male) |
| 17:17 | Encolar | Villager (Male) |
| 17:19 | Construir | Farm |
| 17:19 | Construir | Farm |
| 17:19 | Construir | Farm |
| 17:50 | Investigar | Castle Age |
| 18:12 | Construir | Stable |
| 18:15 | Encolar | Scout Cavalry |
| 18:23 | Construir | Farm |
| 18:25 | Construir | House |
| 18:44 | Investigar | Gold Mining |
| 18:53 | Construir | Blacksmith |
| 18:54 | Construir | House |
| 18:56 | Construir | Palisade Wall |
| 19:06 | Encolar | Scout Cavalry |
| 19:10 | Investigar | Bloodlines |
| 19:41 | Construir | House |
| 19:49 | Construir | Palisade Wall |
| 20:02 | Construir | House |
| 20:09 | Investigar | Scale Barding Armor |
| 20:29 | Edad | Edad de los Castillos |
| 20:35 | Encolar | Knight |
| 20:35 | Encolar | Knight |
| 20:42 | Construir | Siege Workshop |
| 20:52 | Encolar | Villager (Male) |
| 20:54 | Investigar | Wheelbarrow |
| 21:06 | Construir | Mining Camp |
| 21:09 | Construir | Farm |
| 21:11 | Investigar | Heavy Plow |
| 21:24 | Encolar | Villager (Male) |
| 21:35 | Encolar | Scorpion |
| 21:59 | Encolar | Battering Ram |
| 22:03 | Construir | House |
| 22:13 | Encolar | Knight |
| 22:13 | Encolar | Knight |
| 22:26 | Encolar | Scorpion |
| 22:36 | Encolar | Villager (Male) |
| 22:36 | Encolar | Villager (Male) |
| 22:56 | Encolar | Knight |
| 22:57 | Encolar | Knight |
| 22:58 | Encolar | Villager (Male) |
| 23:02 | Construir | House |
| 23:48 | Construir | House |
| 23:53 | Encolar | Villager (Male) |
| 23:54 | Construir | Farm |
| 24:01 | Construir | Mining Camp |
| 24:10 | Construir | Mining Camp |
| 24:14 | Encolar | Knight |
| 24:15 | Investigar | Husbandry |
| 24:24 | Encolar | Battering Ram |
| 24:25 | Encolar | Scorpion |
| 24:57 | Encolar | Scorpion |
| 25:39 | Construir | Town Center |
| 26:49 | Construir | Lumber Camp |
| 26:53 | Encolar | Villager (Male) |
| 27:24 | Encolar | Villager (Male) |
| 27:26 | Encolar | Villager (Male) |
| 27:37 | Encolar | Villager (Male) |
| 27:37 | Encolar | Villager (Male) |
| 27:40 | Construir | Farm |
| 27:43 | Construir | Farm |
| 28:08 | Construir | Monastery |
| 28:19 | Encolar | Knight |
| 28:19 | Encolar | Knight |
| 29:13 | Encolar | Knight |
| 29:14 | Encolar | Knight |
| 29:15 | Encolar | Monk |
| 29:16 | Encolar | Villager (Male) |
| 29:16 | Encolar | Villager (Male) |
| 29:16 | Encolar | Villager (Male) |
| 29:17 | Encolar | Villager (Male) |
| 29:26 | Investigar | Forging |
| 29:33 | Encolar | Scorpion |
| 30:04 | Encolar | Monk |
| 30:11 | Encolar | Villager (Male) |
| 30:11 | Encolar | Villager (Male) |
| 30:33 | Construir | Town Center |
| 30:39 | Encolar | Villager (Male) |
| 30:41 | Encolar | Monk |
| 30:58 | Encolar | Scorpion |
| 31:07 | Encolar | Villager (Male) |
| 31:51 | Investigar | Town Watch |
| 31:52 | Encolar | Villager (Male) |
Cronología de la partida
| 4:39 | twitch: aoe2_billybadbeat · wall_segment Palisade Wall x1 |
| 4:41 | twitch: aoe2_billybadbeat · wall_segment Palisade Wall x1 |
| 5:32 | twitch: aoe2_billybadbeat · wall_segment Palisade Wall x1 |
| 5:34 | twitch: aoe2_billybadbeat · wall_segment Palisade Wall x1 |
| 6:14 | Trif · wall_segment Palisade Wall x1 |
| 6:32 | Trif · wall_segment Palisade Wall x1 |
| 6:35 | Trif · wall_segment Palisade Wall x1 |
| 8:32 | twitch: aoe2_billybadbeat · wall_segment Palisade Wall x1 |
| 9:05 | Trif · age_up feudal |
| 9:09 | Trif · first_building Stable |
| 9:23 | twitch: aoe2_billybadbeat · wall_segment Palisade Wall x5 |
| 9:44 | twitch: aoe2_billybadbeat · wall_segment Palisade Wall x12 |
| 9:52 | twitch: aoe2_billybadbeat · wall_segment Palisade Wall x4 |
| 10:27 | twitch: aoe2_billybadbeat · wall_segment Palisade Wall x6 |
| 10:35 | twitch: aoe2_billybadbeat · wall_segment Palisade Wall x1 |
| 11:44 | twitch: aoe2_billybadbeat · wall_segment Palisade Wall x1 |
| 11:47 | twitch: aoe2_billybadbeat · wall_segment Palisade Wall x1 |
| 11:48 | twitch: aoe2_billybadbeat · wall_segment Palisade Wall x1 |
| 13:23 | twitch: aoe2_billybadbeat · wall_segment Palisade Wall x1 |
| 13:26 | twitch: aoe2_billybadbeat · wall_segment Palisade Wall x1 |
| 13:30 | twitch: aoe2_billybadbeat · wall_segment Palisade Wall x1 |
| 14:40 | twitch: aoe2_billybadbeat · first_building Barracks |
| 15:15 | twitch: aoe2_billybadbeat · age_up feudal |
| 15:50 | Trif · first_market_sell 100 stone |
| 15:51 | Trif · first_market_buy 100 food |
| 17:14 | twitch: aoe2_billybadbeat · wall_segment Palisade Wall x1 |
| 17:18 | twitch: aoe2_billybadbeat · wall_segment Palisade Wall x1 |
| 18:49 | twitch: aoe2_billybadbeat · wall_segment Palisade Wall x10 |
| 18:56 | Trif · wall_segment Palisade Wall x1 |
| 19:00 | twitch: aoe2_billybadbeat · first_market_buy 100 food |
| 19:20 | twitch: aoe2_billybadbeat · wall_segment Palisade Wall x15 |
| 19:49 | Trif · wall_segment Palisade Wall x1 |
| 20:29 | Trif · age_up castle |
| 20:42 | Trif · first_building Siege Workshop |
| 21:26 | twitch: aoe2_billybadbeat · wall_segment Palisade Wall x1 |
| 21:49 | twitch: aoe2_billybadbeat · wall_segment Stone Wall x15 |
| 21:50 | twitch: aoe2_billybadbeat · age_up castle |
| 22:07 | twitch: aoe2_billybadbeat · wall_segment Stone Wall x1 |
| 22:10 | twitch: aoe2_billybadbeat · wall_segment Stone Wall x1 |
| 22:40 | twitch: aoe2_billybadbeat · wall_segment Stone Wall x5 |
| 22:42 | twitch: aoe2_billybadbeat · wall_segment Stone Wall x1 |
| 22:42 | twitch: aoe2_billybadbeat · wall_segment Stone Wall x1 |
| 23:07 | twitch: aoe2_billybadbeat · wall_segment Stone Wall x1 |
| 23:31 | twitch: aoe2_billybadbeat · wall_segment Stone Wall x2 |
| 23:41 | twitch: aoe2_billybadbeat · wall_segment Stone Wall x1 |
| 23:46 | twitch: aoe2_billybadbeat · wall_segment Stone Wall x2 |
| 24:01 | twitch: aoe2_billybadbeat · wall_segment Stone Wall x10 |
| 24:35 | twitch: aoe2_billybadbeat · first_building Castle |
| 24:48 | twitch: aoe2_billybadbeat · first_building Siege Workshop |
| 27:01 | twitch: aoe2_billybadbeat · wall_segment Stone Wall x3 |
| 28:08 | Trif · first_building Monastery |
| 28:58 | twitch: aoe2_billybadbeat · wall_segment Stone Wall x5 |
| 28:59 | twitch: aoe2_billybadbeat · wall_segment Stone Wall x2 |
| 29:41 | twitch: aoe2_billybadbeat · wall_segment Stone Wall x3 |
| 31:24 | twitch: aoe2_billybadbeat · first_market_sell 100 wood |
| 31:48 | twitch: aoe2_billybadbeat · wall_segment Stone Wall x4 |
| 34:55 | Trif · first_building Castle |
| 40:15 | twitch: aoe2_billybadbeat · wall_segment Stone Wall x15 |
| 42:12 | twitch: aoe2_billybadbeat · wall_segment Stone Wall x1 |
| 42:16 | Trif · age_up imperial |
| 45:04 | twitch: aoe2_billybadbeat · wall_segment Stone Wall x3 |
| 45:08 | twitch: aoe2_billybadbeat · wall_segment Stone Wall x2 |
| 48:00 | twitch: aoe2_billybadbeat · wall_segment Stone Wall x1 |
| 51:18 | twitch: aoe2_billybadbeat · resign |
[ ANÁLISIS IA · 1 CRÉDITO ]
¿Qué pasó realmente en esta partida?
Wolo.gg analiza cada decisión: build order, eco, micro, errores típicos por bracket. Análisis personalizado por WhatsApp o Discord en 30 segundos.
Guía civ
Chinos
Perfil
Jugador #15677316